 Dungeon Crawl Stone Soup version 0.21-a0-401-g0b6bec4 (webtiles) character file.

25 Monsterracer the Stinger (level 3, -4/30 HPs)
             Began as a Hill Orc Venom Mage on Oct 24, 2017.
             Slain by a worm (7 damage)
             ... on level 2 of the Dungeon.
             The game lasted 00:02:05 (1094 turns).

Monsterracer the Stinger (Hill Orc Venom Mage)      Turns: 1094, Time: 00:02:06

Health: -4/30      AC:  6    Str: 11    XL:     3   Next: 4%
Magic:  3/5        EV: 10    Int: 15    God:
Gold:   55         SH:  0    Dex: 11    Spells: 4/5 levels left

rFire    . . .     SeeInvis .   j - +0 hand axe
rCold    . . .     Gourm    .   (no shield)
rNeg     . . .     Faith    .   h - +0 ring mail
rPois    .         Spirit   .   (no helmet)
rElec    .         Reflect  .   b - +0 cloak
rCorr    .         Harm     .   (no gloves)
MR       .....                  (no boots)
Stlth    +.........             (no amulet)
HPRegen  0.10/turn              (no ring)
MPRegen  0.09/turn              (no ring)

@: no status effects
A: no striking features
a: no special abilities


You were on level 2 of the Dungeon.
You were not hungry.

You visited 1 branch of the dungeon, and saw 2 of its levels.

You collected 55 gold pieces.

Inventory:

Hand Weapons
 j - a +0 hand axe (weapon)
Armour
 b - a +0 cloak (worn)
 f - a +0 buckler
 h - a +0 ring mail (worn)
Scrolls
 a - a scroll of magic mapping {unknown}
 e - a scroll of noise {unknown}
 g - a scroll of recharging {unknown}
Potions
 d - a potion of resistance
 i - a potion of curing {unknown}
Comestibles
 c - a bread ration
 k - a chunk of flesh


   Skills:
 - Level 2.3 Fighting
 + Level 2.0 Axes
 - Level 1.5 Dodging
 - Level 1.5 Stealth
 - Level 1.5 Spellcasting
 - Level 1.0 Conjurations
 - Level 2.6 Poison Magic


You had 4 spell levels left.
You knew the following spells:

 Your Spells              Type           Power        Failure   Level  Hunger
a - Sting                 Conj/Pois      #...         26%         1    ##.....


Dungeon Overview and Level Annotations

Branches:
Dungeon (2/15)

Altars:
Xom


Message History

You now have 4/5 mp.
Casting: Sting
Confirm with . or Enter, or press ? or * to list all spells.
Aiming: Sting
Press: ? - help, Shift-Dir - straight line, f/p - worm
Aim: a worm (lightly wounded)
The sting hits the worm.
The worm is poisoned.
The worm is lightly wounded.
You now have 3/5 mp.
You hit the worm.
The worm is moderately wounded.
The worm bites you!
* * * LOW HITPOINT WARNING * * *
You take 9 damage, and have 14/30 hp.
MASSIVE DAMAGE!!
You hit the worm.
The worm is heavily wounded.
The worm bites you but does no damage.
Unknown command.
You barely miss the worm.
The worm is moderately wounded.
The worm bites you.
* * * LOW HITPOINT WARNING * * *
You take 4 damage, and have 10/30 hp.
You hit the worm.
The worm is heavily wounded.
The worm looks more healthy.
Unknown command.
You barely miss the worm.
The worm is heavily wounded.
The worm barely misses you.
Casting: Sting
Confirm with . or Enter, or press ? or * to list all spells.
Aiming: Sting
Press: ? - help, Shift-Dir - straight line, f/p - worm
Aim: a worm (heavily wounded)
The sting hits the worm.
The worm is heavily wounded.
The worm barely misses you.
You now have 2/5 mp.
Casting: Sting
Confirm with . or Enter, or press ? or * to list all spells.
Aiming: Sting
Press: ? - help, Shift-Dir - straight line, f/p - worm
Aim: a worm (heavily wounded)
The sting hits the worm.
The worm appears unharmed.
The worm is heavily wounded.
Casting: Sting
Confirm with . or Enter, or press ? or * to list all spells.
Aiming: Sting
Press: ? - help, Shift-Dir - straight line, f/p - worm
Aim: a worm (heavily wounded)
You miscast Sting.
You are very lightly contaminated with residual magic.
Nothing appears to happen.
The worm barely misses you.
You now have 1/5 mp.
Casting: Sting
Confirm with . or Enter, or press ? or * to list all spells.
Aiming: Sting
Press: ? - help, Shift-Dir - straight line, f/p - worm
Aim: a worm (heavily wounded)
The sting hits the worm.
The worm is poisoned.
The worm is severely wounded.
You now have 0/5 mp.
You hit the worm.
The worm is almost dead.
The worm bites you!
* * * LOW HITPOINT WARNING * * *
You take 7 damage, and have 4/30 hp.
MASSIVE DAMAGE!!
Unknown command.
You see here a ball python corpse.
The worm looks more healthy.
A hobgoblin comes into view.
The hobgoblin shouts!
Your magical contamination has completely faded away.
You hit the worm.
The worm is heavily wounded.
You hit the hobgoblin but do no damage. The hobgoblin hits you.
* * * LOW HITPOINT WARNING * * *
You take 2 damage, and have 4/30 hp.
Unknown command.
You hit the hobgoblin.
The hobgoblin is almost dead.
The hobgoblin barely misses you.
The hobgoblin hits you but does no damage.
You hit the hobgoblin but do no damage.
The hobgoblin is almost dead.
The hobgoblin closely misses you.
You hit the hobgoblin.
You kill the hobgoblin!
Your Axes skill increases to level 2!
You hit the worm.
The worm is severely wounded.
The worm bites you.
* * * LOW HITPOINT WARNING * * *
You take 2 damage, and have 3/30 hp.
Unknown command.
You completely miss the worm.
The worm is heavily wounded.
The worm bites you!
You die...

###########
#.........#
#.........#
#.........#
#.........#
#.@w......#
######....# #....# .
#....########
..######......g....##
...........).........
.......####........##
....... #........#
.......####........##


You could see a worm.

Vanquished Creatures
  An ooze (D:1)
  A dart slug (D:2)
  A leopard gecko (D:1)
  3 giant cockroaches
  2 goblins
  A hobgoblin (D:2)
  A quokka (D:2)
  3 ball pythons
  2 kobolds
  2 rats (D:1)
17 creatures vanquished.

Notes
Turn   | Place    | Note
-------+----------+-------------------------------------------
     0 | D:1      | Monsterracer the Hill Orc Venom Mage began the quest for the Orb.
     0 | D:1      | Reached XP level 1. HP: 14/14 MP: 3/3
   101 | D:1      | Reached skill level 1 in Fighting
   174 | D:1      | Reached XP level 2. HP: 24/24 MP: 4/4
   926 | D:2      | Reached skill level 1 in Axes
   970 | D:2      | Found a stormy altar of Qazlal.
   972 | D:2      | Found a deep blue altar of Sif Muna.
   972 | D:2      | Found a burning altar of Makhleb.
   990 | D:2      | Found a sparkling altar of Nemelex Xobeh.
   990 | D:2      | Found a shimmering altar of Xom.
   990 | D:2      | Found a white marble altar of Elyvilon.
  1045 | D:2      | Reached XP level 3. HP: 22/30 MP: 5/5
  1054 | D:2      | HP: 14/30 [worm (9)]
  1063 | D:2      | HP: 4/30 [worm (7)]
  1086 | D:2      | HP: 4/30 [hobgoblin (2)]
  1093 | D:2      | HP: 3/30 [worm (2)]
  1094 | D:2      | Slain by a worm

Vault maps used:
D:1:      dpeg_arrival_erosion
D:2:      doesnt_xom_only_xom

Skill      XL: |  1  2  3 |
---------------+----------+-----
Fighting       | 2 |  2.3
Axes           | 1 2 |  2.0
Dodging        | |  1.5
Stealth        | |  1.5
Spellcasting   | |  1.5
Conjurations   | |  1.0
Poison Magic   | |  2.6

Action                   || total
-------------------------++-------
Melee: Short sword       ||    41
       Unarmed           ||     4
       Hand axe          ||    41
 Cast: Sting             ||    14
  Use: Scroll            ||     2
 Stab: Sleeping          ||     1
  Eat: Chunk             ||     1
Armor: Robe              ||     3
       Ring mail         ||    28
Dodge: Dodged            ||    52

Table legend:
 A = Spawn XP
 B = Non-spawn XP
 C = Spawn XP percentage of total XP
 D = Spawn monster count
 E = Non-spawn monster count
 F = Spawn count percentage of total count
 G = Total turns spent on level
                    A         B        C        D         E        F      G
               +---------+---------+-------+---------+---------+-------+---------
         Total |       0 |      36 |   0.0 |       0 |      17 |   0.0 |  1094
               +---------+---------+-------+---------+---------+-------+---------
           D:1 |       0 |      20 |   0.0 |       0 |       9 |   0.0 |   898
           D:2 |       0 |      16 |   0.0 |       0 |       8 |   0.0 |   196
               +---------+---------+-------+---------+---------+-------+---------

Vault maps used:
D:1:      dpeg_arrival_erosion
D:2:      doesnt_xom_only_xom
